 Dungeon Crawl Stone Soup version 0.31-a0-844-gdc52ec4e09 (webtiles) character file.

Game seed: 3711712191039370270

933 arthad the Magician (level 7, -3/39 HPs)
             Began as a Deep Elf Fire Elementalist on Sept 30, 2023.
             Was a Follower of Vehumet.
             Killed from afar by Maggie (19 damage)
             ... with a bolt of fire
             ... on level 6 of the Dungeon.
             The game lasted 00:09:10 (5469 turns).

arthad the Magician (Deep Elf Fire Elementalist)    Turns: 5469, Time: 00:09:10

Health: -3/39      AC:  2    Str: 11    XL:     7   Next: 86%
Magic:  17/17      EV: 13    Int: 22    God:    Vehumet [*.....]
Gold:   267        SH:  5    Dex: 15    Spells: 10/17 levels left

rFire   + . .        I - staff of fire
rCold   + . .        j - +0 buckler
rNeg    . . .        J - +0 robe {rC+}
rPois   .            (no helmet)
rElec   .            n - scarf {shadows}
rCorr   .            (no gloves)
SInv    .            (no boots)
Will    .....        u - amulet of the acrobat
Stlth   +++          h - +6 ring of strength
HPRegen 0.26/turn    (no ring)
MPRegen 0.15/turn

%: acrobat
@: mesmerised
A: no striking features
a: Renounce Religion


You were on level 6 of the Dungeon.
You worshipped Vehumet.
Vehumet was aware of your devotion.
You visited 1 branch of the dungeon, and saw 6 of its levels.

You collected 267 gold pieces.

Inventory:

Hand Weapons
 o - a +0 morningstar
 x - a +2 whip of venom
 G - the +7 spear of the World {antimagic, rC+ rCorr Int+2 Dex+3}
   (You found it on level 5 of the Dungeon)

   Int+2:     It affects your intelligence (+2).
   Dex+3:     It affects your dexterity (+3).
   rC+:       It protects you from cold.
   rCorr:     It protects you from acid and corrosion.
Missiles
 e - 4 atropa-tipped darts
 i - a throwing net
 C - 7 poisoned darts
 H - 2 boomerangs
Armour
 d - a +0 kite shield
 j - a +0 buckler (worn)
 n - a scarf of shadows (worn)
 J - a +0 robe of cold resistance (worn)
Magical Staves
 m - a staff of air
 I - a staff of fire (weapon)
 K - a staff of poison
Jewellery
 h - a +6 ring of strength (left hand)
 u - an amulet of the acrobat (around neck)
Wands
 t - a wand of paralysis (10)
 A - a wand of digging (5)
Scrolls
 a - a scroll of immolation {unknown}
 c - 3 scrolls of enchant weapon {unknown}
 f - 2 scrolls of blinking {unknown}
 g - 2 scrolls of identify {unknown}
 s - a scroll of brand weapon {unknown}
 w - a scroll of fear {unknown}
 y - a scroll of vulnerability {unknown}
 z - a scroll of noise {unknown}
 D - a scroll of enchant armour {unknown}
 E - 2 scrolls of teleportation {unknown}
 F - a scroll of amnesia {unknown}
Potions
 b - 2 potions of magic
 k - a potion of lignification {unknown}
 l - a potion of curing {unknown}
 p - a potion of brilliance {unknown}
 q - a potion of heal wounds
 r - 2 potions of berserk rage {unknown}
 v - a potion of haste {unknown}
 B - a potion of mutation {unknown}


   Skills:
 + Level 1.8 Fighting
 + Level 4.2 Dodging
 + Level 4.5 Stealth
 * Level 2.6 Shields
 * Level 5.8 Spellcasting
 * Level 4.1 Conjurations
 * Level 5.2 Fire Magic


You had 10 spell levels left.
You knew the following spells:

 Your Spells              Type           Power      Damage    Failure   Level
a - Foxfire               Conj/Fire      100%       2x1d9     1%          1
b - Scorch                Fire           88%        2d8       2%          2
c - Flame Wave            Conj/Fire      40%        2d11      19%         4

Your spell library contained the following spells:

 Spells                   Type           Power      Damage    Failure   Level
 Shock                    Conj/Air       60%        1d6       5%          1
 Freeze                   Ice            24%        1d4       13%         1
 Summon Small Mammal      Summ           24%        N/A       13%         1
 Inner Flame              Hex/Fire       27%        N/A       13%         3
 Volatile Blastmotes      Fire/Tloc      54%        2d14      13%         3
 Hailstorm                Conj/Ice       15%        3d5       17%         3
 Call Canine Familiar     Summ           6%         N/A       36%         3
 Frozen Ramparts          Ice            12%        1d2       36%         3
 Summon Guardian Golem    Hex/Summ       6%         N/A       36%         3


Dungeon Overview and Level Annotations

Branches:
Dungeon (6/15)
 Temple: D:4-7

Altars:
Fedhas
Gozag
Makhleb
Okawaru
Qazlal
Trog
Uskayaw
Vehumet

Annotations:
D:6 Maggie


Message History

You hit Maggie.
Maggie is severely wounded.
Something hits you.
The helpless Maggie fails to defend herself.
You hit Maggie but do no damage.
Maggie is severely wounded.
Something hits you. x2
The helpless Maggie fails to defend herself.
You hit Maggie but do no damage. You burn Maggie.
Maggie is severely wounded.
Something hits you.
The helpless Maggie fails to defend herself.
You hit Maggie but do no damage. You burn Maggie.
Maggie is severely wounded.
Maggie is no longer paralysed.
Maggie gestures wildly while chanting.
Maggie attempts to bespell you!
You are mesmerised by Maggie!
Something hits you. Maggie barely misses you.
You hit Maggie but do no damage. You burn Maggie.
Maggie is severely wounded.
Something barely misses you.
Casting: Flame Wave (quite dangerous; 19% risk of failure)
Confirm with . or Enter, or press ? or * to list all spells.
You feel a surge of power!
Flames lash Maggie.
Maggie is almost dead.
Maggie's fire resistance burns away.
Maggie gestures at you while chanting. The bolt of fire hits you! You resist.
* * * LOW HITPOINT WARNING * * *
You hear some strange, mumbled words.
A puff of flame appears from out of thin air!
The puff of flame misses you.
It was a potion of heal wounds.
You feel much better.
Maggie hits you with a +2 heavy morningstar!
Something hits you. Magic courses through your body. Something hits you.
Maggie casts a spell at you. The bolt of fire hits you!! You resist.
You die...

..#. ..##
....####...##
...........#
..........
#......
.<###...#
....†...##
...##.)@{#
##@##.....
#..) ?...
#.). ...
#.... ..
####. #


You could see Maggie (mesmerising, combustible).

Vanquished Creatures
  Sigmund (D:3)
  2 ogres
  A phantom (D:5)
  Blork the orc (D:5)
  A scorpion (D:4)
  2 hounds
  2 orc priests (D:6)
  2 sleepcaps
  2 iguanas (D:4)
  5 adders
  3 gnolls (D:4)
  A worm (D:2)
  4 dart slugs
  6 orcs
  4 endoplasms
  6 giant cockroaches
  8 goblins
  10 hobgoblins
  11 jackals
  4 quokkas
  6 ball pythons
  3 bats
  4 frilled lizards
  16 kobolds
  5 rats
110 creatures vanquished.

Vanquished Creatures (collateral kills)
  5 foxfires
5 creatures vanquished.

Vanquished Creatures (others)
  431 foxfires
431 creatures vanquished.

Grand Total: 546 creatures vanquished

Notes
Turn   | Place    | Note
-------+----------+-------------------------------------------
     0 | D:1      | arthad the Deep Elf Fire Elementalist began the quest for
                  | the Orb.
     0 | D:1      | Reached XP level 1. HP: 10/10 MP: 6/6
   458 | D:1      | Reached XP level 2. HP: 15/15 MP: 6/8
  1064 | D:1      | Reached XP level 3. HP: 19/19 MP: 5/9
  1949 | D:2      | Learned a level 2 spell: Scorch
  2398 | D:2      | Reached XP level 4. HP: 21/24 MP: 5/11
  2885 | D:3      | Noticed Sigmund
  2889 | D:3      | Killed Sigmund
  2890 | D:3      | Reached skill level 1 in Shields
  2890 | D:3      | Reached XP level 5. HP: 28/28 MP: 8/13
  3081 | D:3      | Found a hide-covered altar of Uskayaw.
  3208 | D:3      | Found a radiant altar of Vehumet.
  3330 | D:3      | Became a worshipper of Vehumet
  3379 | D:3      | Found a faded altar of an unknown god.
  3737 | D:4      | Found a burning altar of Makhleb.
  3737 | D:4      | Noticed a blizzard demon
  3740 | D:4      | Noticed an orange demon
  3740 | D:4      | Noticed a hellwing
  3773 | D:4      | Noticed an ogre
  3777 | D:4      | Reached XP level 6. HP: 27/33 MP: 9/14
  3783 | D:4      | Reached skill level 1 in Fighting
  3915 | D:4      | Found a blossoming altar of Fedhas.
  3995 | D:4      | Found a stormy altar of Qazlal.
  4087 | D:4      | Found an iron altar of Okawaru.
  4102 | D:4      | Reached skill level 5 in Spellcasting
  4118 | D:4      | Reached XP level 7. HP: 38/38 MP: 6/16
  4410 | D:4      | Found a bloodstained altar of Trog.
  4596 | D:5      | Entered Level 5 of the Dungeon
  4717 | D:5      | Identified the +7 spear of the World {antimagic, rC+ rCorr
                  | Int+2 Dex+3}
  4920 | D:5      | Found an opulent altar of Gozag.
  4925 | D:5      | Reached * piety under Vehumet
  4925 | D:5      | Offered knowledge of Shock by Vehumet.
  4931 | D:5      | Learned a level 4 spell: Flame Wave
  5079 | D:5      | Noticed Blork the orc
  5089 | D:5      | Killed Blork the orc
  5090 | D:5      | Reached skill level 5 in Fire Magic
  5447 | D:6      | Noticed Maggie
  5469 | D:6      | Killed from afar by Maggie

Illustrated notes

Levels and vault maps discovered:
D:1:      dpeg_arrival_chambers_temple_mockup, layout_loops_corners
D:2:      minmay_general_purpose_star, layout_rooms, dk_noncrumbling_3,
          dk_noncrumbling_2, lexackson_kobold_supper
D:3:      layout_basic, amcnicky_altar_gilded, mainiacjoe_overflow_brackets,
          shapermc_ecumenical_altar_mp_ritualfount, serial_bayou_lagoon_b,
          uniq_sigmund
D:4:      layout_rooms, general_overflow_altar, makhleb_altar_promises_db,
          mainiacjoe_overflow_small_starburst, overflow_temple_1_default,
          grunt_qazlal_clouds
D:5:      layout_loops_ring, overflow_temple_1_default, uniq_blork_the_orc
D:6:      cheibrodos_two_vegetables, layout_cave_pools, lemuel_doored_altar,
          nzn_wu_jian_contemplation, minmay_temple_entry_large_hall,
          gup_sewer_entry_bubbles, uniq_maggie

Skill      XL: |  1  2  3  4  5  6  7 |
---------------+----------------------+-----
Dodging        | 3 4 |  4.2
Stealth        | 3 4 |  4.5
Conjurations   | 2 3 4 |  4.1
Spellcasting   | 4 5 |  5.8
Shields        | 1 2 |  2.6
Fire Magic     | 4 5 |  5.2
Fighting       | 1 |  1.8

Action                     |  1- 3 |  4- 6 |  7- 9 || total
---------------------------+-------+-------+-------++-------
  Melee: Unarmed           |     7 |       |       ||     7
         Staff             |     1 |     2 |     8 ||    11
   Cast: Foxfire           |    95 |    98 |    59 ||   252
         Scorch            |       |     1 |     7 ||     8
         Flame Wave        |       |       |     2 ||     2
  Evoke: Wand              |       |       |     1 ||     1
    Use: Potion            |       |       |     2 ||     2
   Stab: Paralysed         |       |       |     7 ||     7
 Armour: Robe              |     3 |     5 |    18 ||    26
  Dodge: Dodged            |     9 |    14 |     6 ||    29

Table legend: (Time is in decaauts)
 A = Elapsed time spent in this place.
 B = Non-inter-level travel time spent in this place.
 C = Inter-level travel time spent in this place.
 D = Time resting spent in this place.
 E = Time spent auto-exploring this place.
 F = Levels seen in this place.
 G = Mean time per level.
                   A        B        C        D        E       F      G
               +--------+--------+--------+--------+--------+-----+--------+
         Total |   5478 |   5266 |    212 |      0 |   4639 |   6 |  913.0 |
       Dungeon |   5478 |   5266 |    212 |      0 |   4639 |   6 |  913.0 |
               +--------+--------+--------+--------+--------+-----+--------+

Top non-repeatable levels by time:
     D:1: 1564 daAuts
     D:2: 1213 daAuts
     D:3: 967 daAuts
     D:4: 859 daAuts
     D:5: 844 daAuts
     D:6: 29 daAuts
